 Dungeon Crawl Stone Soup version 0.29-a0-791-ga0f254aafb (webtiles) character file.

Game seed: 3597447965810107439

184 27snakeeyes612 the Trooper (level 5, -4/70 HPs)
             Began as a Minotaur Berserker on July 3, 2022.
             Was a Believer of Trog.
             Slain by an orc
             ... wielding a +2 hand axe of electrocution
              (18 damage)
             ... on level 3 of the Dungeon.
             The game lasted 00:01:54 (2882 turns).

27snakeeyes612 the Trooper (Minotaur Berserker)     Turns: 2882, Time: 00:01:54

Health: -4/70      AC:  9    Str: 23    XL:     5   Next: 36%
Magic:  4/4        EV:  9    Int:  4    God:    Trog [**....]
Gold:   152        SH:  0    Dex: 10    Spells: 4/4 levels left

rFire   . . .      SeeInvis +   a - +0 hand axe
rCold   . . .      Faith    .   (no shield)
rNeg    . . .      Spirit   .   k - +0 chain mail
rPois   .          Reflect  .   (helmet restricted)
rElec   .          Harm     .   (no cloak)
rCorr   .          Rampage  .   (no gloves)
Will    .....                   (no boots)
Stlth   ..........              (no amulet)
HPRegen 0.21/turn               i - ring of see invisible
MPRegen 0.09/turn               (no ring)

@: berserking, very quick
A: horns 2, retaliatory headbutt
a: Renounce Religion, Berserk, Trog's Hand


You were on level 3 of the Dungeon.
You worshipped Trog.
Trog was pleased with you.
You visited 1 branch of the dungeon, and saw 3 of its levels.

You collected 152 gold pieces.

Inventory:

Hand Weapons
 a - a +0 hand axe (weapon)
 o - a +0 morningstar
Armour
 b - a +0 animal skin
 k - a +0 chain mail (worn)
Jewellery
 i - a ring of see invisible (left hand)
Scrolls
 d - a scroll of poison {unknown}
 e - 3 scrolls of teleportation {unknown}
 f - a scroll of amnesia {unknown}
 h - 2 scrolls of identify {unknown}
 j - 2 scrolls of magic mapping {unknown}
 n - a scroll of noise {unknown}
 p - a scroll of torment {unknown}
 q - a scroll of blinking {unknown}
Potions
 c - 2 potions of degeneration {unknown}
 g - 2 potions of curing
 l - a potion of attraction {unknown}
 m - a potion of haste {unknown}


   Skills:
 + Level 4.9 Fighting
 + Level 4.8 Axes
 + Level 3.9 Armour
 + Level 3.5 Dodging


You had 4 spell levels left.
You didn't know any spells.
Your spell library was empty.

Dungeon Overview and Level Annotations

Branches:
Dungeon (3/15)

Altars:
Sif Muna


Innate Abilities, Weirdness & Mutations

You have a pair of horns on your head.
You reflexively headbutt those who attack you in melee.


Message History

You hear a shout!
A ball python comes into view.
The endoplasm moves out of view.
You closely miss the rat. The rat bites you but does no damage.
You hit the rat.
You kill the rat!
Trog accepts your kill. The adder barely misses you.
You see here a rat corpse.
You miss the adder. The adder bites you but does no damage.
You barely miss the adder. You barely miss the orc.
The adder bites you but does no damage. The orc hits you but does no damage.
You are electrocuted!!
The adder bites you. The orc barely misses you.
You slash the adder!
The adder is almost dead.
You hit the ball python.
You kill the ball python!
Trog accepts your kill.
You barely miss the orc. The adder bites you but does no damage.
The orc hits you but does no damage.
You closely miss the adder.
The adder is almost dead.
You hit the endoplasm but do no damage. You barely miss the orc.
The adder bites you but does no damage. The orc hits you but does no damage.
The endoplasm hits you but does no damage.
There are monsters nearby!
There are monsters nearby!
You hit the adder.
You kill the adder!
Trog accepts your kill.
You hit the endoplasm. You barely miss the orc.
The endoplasm hits you but does no damage.
The orc hits you but does no damage.
You are electrocuted!
* * * LOW HITPOINT WARNING * * *
A red film seems to cover your vision as you go berserk!
You feel yourself moving faster!
You feel mighty!
The orc hits you with a +2 hand axe of electrocution.
* * * LOW HITPOINT WARNING * * *
You are electrocuted!!
You die...

###. #. .... #.#
...# #.# ... #.# ...
### #.###.####.
####.. #.o.†......
###.....
#..@J.....###.......
#.......####........
#....#### #..####.##
#.#### ##..##...#
#...### #...#....#
#.....## #.†.#....##
#..†...###........##
#.###..##....#######
#.###...#....# ###.


You could see an orc and an endoplasm.

Vanquished Creatures
  An orc wizard (D:3)
  Terence (D:2)
  Robin (D:2)
  2 adders
  A white imp (D:3)
  3 worms
  A dart slug (D:2)
  8 orcs (D:3)
  5 endoplasms
  3 giant cockroaches (D:1)
  13 goblins
  8 hobgoblins
  3 jackals (D:3)
  4 quokkas
  7 ball pythons
  3 bats
  2 frilled lizards
  4 kobolds
  4 rats
74 creatures vanquished.

Notes
Turn   | Place    | Note
-------+----------+-------------------------------------------
     0 | D:1      | 27snakeeyes612 the Minotaur Berserker began the quest for
                  | the Orb.
     0 | D:1      | Reached XP level 1. HP: 19/19 MP: 0/0
   394 | D:1      | Reached XP level 2. HP: 25/27 MP: 1/1
   972 | D:2      | Reached XP level 3. HP: 33/33 MP: 2/2
  1233 | D:2      | Found a shimmering blue altar of Sif Muna.
  1287 | D:2      | Noticed Robin
  1296 | D:2      | Reached ** piety under Trog
  1308 | D:2      | Killed Robin
  1575 | D:2      | Reached XP level 4. HP: 24/41 MP: 3/3
  1893 | D:2      | Noticed Terence
  1911 | D:2      | Killed Terence
  2455 | D:3      | Reached XP level 5. HP: 35/47 MP: 4/4
  2882 | D:3      | Slain by an orc

Illustrated notes

Levels and vault maps discovered:
D:1:      erik_arrival_triangle_small, layout_rooms, serial_curves,
          eino_curves_03, eino_curves_04, minmay_bisected
D:2:      layout_loops_ring, basic_altar, uniq_terence, uniq_robin
D:3:      minmay_recursive_quarters, layout_rooms

Skill      XL: |  1  2  3 |
---------------+----------+-----
Fighting       | 4 |  4.9
Axes           | 4 |  4.8
Armour         | 3 |  3.9
Dodging        | 3 |  3.5

Action                   |  1- 3 |  4- 6 || total
-------------------------+-------+-------++-------
Melee: Hand axe          |    82 |    86 ||   168
       Headbutt          |    12 |    17 ||    29
       Punch             |       |     1 ||     1
Invok: Berserk           |     2 |     1 ||     3
Armor: Animal skin       |    13 |       ||    13
       Chain mail        |       |    52 ||    52
Dodge: Dodged            |    47 |    39 ||    86

Table legend: (Time is in decaauts)
 A = Elapsed time spent in this place.
 B = Non-inter-level travel time spent in this place.
 C = Inter-level travel time spent in this place.
 D = Time resting spent in this place.
 E = Time spent auto-exploring this place.
 F = Levels seen in this place.
 G = Mean time per level.
                   A        B        C        D        E       F      G
               +--------+--------+--------+--------+--------+-----+--------+
         Total |   2916 |   2829 |     87 |    203 |   2243 |   3 |  972.0 |
       Dungeon |   2916 |   2829 |     87 |    203 |   2243 |   3 |  972.0 |
               +--------+--------+--------+--------+--------+-----+--------+

Top non-repeatable levels by time:
     D:2: 1463 daAuts
     D:1: 857 daAuts
     D:3: 595 daAuts
